 Dungeon Crawl Stone Soup version 0.21.1-1-g345015fe64 (webtiles) character file.

11752 Peloso the Carver (level 11, -7/84 HPs)
             Began as a Demonspawn Fighter on May 8, 2018.
             Was an Elder of Okawaru (penitent).
             Mangled by an orc knight
             ... wielding a +0 great mace
             ... created by the fury of Okawaru
              (19 damage)
             ... on level 10 of the Dungeon.
             The game lasted 00:30:46 (13037 turns).

Peloso the Carver (Demonspawn Fighter)             Turns: 13037, Time: 00:30:47

Health: -7/84      AC: 21    Str: 19    XL:     11   Next: 53%
Magic:  12/12      EV:  5    Int: 11    God:    Okawaru [*]
Gold:   596        SH: 11    Dex: 12    Spells: 10/10 levels left

rFire    x . .     SeeInvis +   E - +3 scimitar (flame)
rCold    + . .     Gourm    .   c - +0 shield
rNeg     . . .     Faith    .   o - +1 plate armour
rPois    .         Spirit   .   (helmet restricted)
rElec    .         Reflect  .   n - +0 cloak
rCorr    .         Harm     .   i - +1 pair of gloves
MR       .....                  b - +0 pair of boots
Stlth    ..........             (no amulet)
HPRegen  0.24/turn              g - ring of see invisible
MPRegen  0.13/turn              j - ring of ice

@: berserk cooldown, starving, slowed, very slow
A: horns 2, icy blue scales 1, demonic guardian 1, foul stench 1, rot immunity
a: Renounce Religion


You were on level 10 of the Dungeon.
You worshipped Okawaru.
Okawaru was demanding penance.
You were starving.

You visited 1 branch of the dungeon, and saw 11 of its levels.

You collected 596 gold pieces.

Inventory:

Hand Weapons
 a - a +2 falchion of freezing
 E - a +3 scimitar of flaming (weapon)
Missiles
 q - 185 bolts
Armour
 b - a +0 pair of boots (worn)
 c - a +0 shield (worn)
 i - a +1 pair of gloves (worn)
 n - a +0 cloak (worn)
 o - a +1 plate armour (worn)
 I - the +1 ring mail of the Stallion {Dex+4}
   (You took it off a gnoll on level 9 of the Dungeon)

   It affects your dexterity (+4).
Jewellery
 g - a ring of see invisible (left hand)
 j - a ring of ice (right hand)
Wands
 r - a wand of paralysis (17)
 w - a wand of polymorph (14)
 z - a wand of flame (21)
 A - a wand of disintegration (6)
 D - a wand of iceblast (3)
Scrolls
 k - 4 scrolls of enchant weapon
 m - 7 scrolls of remove curse
 p - a scroll of blinking
 u - 2 scrolls of amnesia
Potions
 d - a potion of magic
 e - 2 potions of heal wounds
 h - 4 potions of brilliance
 l - a potion of berserk rage
 s - a potion of might
 t - 2 potions of cancellation
 v - 3 potions of curing {unknown}
 x - 3 potions of agility {unknown}
 C - a potion of lignification {unknown}
 F - a potion of flight {unknown}
 G - a potion of haste
 K - a potion of ambrosia {unknown}
Books
 B - a book of Flames

   Spells                             Type                      Level
   a - Flame Tongue                   Conjuration/Fire             1
   b - Throw Flame                    Conjuration/Fire             2
   c - Conjure Flame                  Conjuration/Fire             3
   d - Inner Flame                    Hexes/Fire                   3
   e - Sticky Flame                   Conjuration/Fire             4
   f - Fireball                       Conjuration/Fire             5
 H - a book of Frost

   Spells                             Type                      Level
   a - Freeze                         Ice                          1
   b - Throw Frost                    Conjuration/Ice              2
   c - Ozocubu's Armour               Charms/Ice                   3
   d - Throw Icicle                   Conjuration/Ice              4
   e - Summon Ice Beast               Ice/Summoning                4
 J - a book of Power

   Spells                             Type                      Level
   a - Iskenderun's Battlesphere      Conjuration/Charms           5
   b - Venom Bolt                     Conjuration/Poison           5
   c - Bolt of Magma                  Conjuration/Fire/Earth       5
   d - Iron Shot                      Conjuration/Earth            6
   e - Orb of Destruction             Conjuration                  7
   f - Spellforged Servitor           Conjuration/Summoning        7
Comestibles
 f - 15 rations


   Skills:
 + Level 7.6 Fighting
 + Level 11.0 Long Blades
 + Level 8.0 Armour
 + Level 2.8 Dodging
 + Level 3.4 Stealth
 + Level 7.6 Shields
 + Level 2.0 Invocations


You had 10 spell levels left.
You didn't know any spells.

Dungeon Overview and Level Annotations

Branches:
Dungeon (11/15)            Temple (0/1) D:6            Lair (0/6) D:8
    Orc: D:9-12

Altars:
Ashenzari
Dithmenos
Elyvilon
Fedhas
Gozag
Hepliaklqana
Makhleb
Nemelex Xobeh
Okawaru
Sif Muna
Trog
Xom
Yredelemnul
The Shining One

Shops:
D:9 }[


Innate Abilities, Weirdness & Mutations

You have a pair of horns on your head.
You are partially covered in icy blue scales. (AC +2)
A weak demonic guardian rushes to your aid.
You may emit foul miasma when damaged in melee.
You are immune to rotting.


Message History

Unknown command.
You slash the tengu conjurer! You burn the tengu conjurer.
You kill the tengu conjurer!
That felt strangely unrewarding.
The battlesphere dissipates.
The orc knight hits you with a great mace!!
You emit a cloud of foul miasma!
Unknown command.
You swap places.
You are no longer berserk.
You are exhausted.
You feel yourself slow down.
You swap places.
The orc knight is engulfed in dark miasma.
The orc knight is poisoned.
The orc knight seems to slow down.
The orc knight hits you with a great mace!
* * * LOW HITPOINT WARNING * * *
The orc knight is engulfed in dark miasma.
The orc knight looks even sicker.
The orc knight hits you with a great mace!!
You die...

#..# #..# #..# #..#
#.># #..# #..# #..#
#..# #..# #..# #..#
#####..# #..#
.......############o.#
..............ยง5@ooo.#
######################


You could see an orc knight, 3 orcs and a friendly ufetubus.

Vanquished Creatures
  Josephine (D:10)
  A hydra (D:11)
  A catoblepas (D:11)
  Erica (D:8)
  A two-headed ogre (D:8)
  A tengu warrior (D:10)
  A tengu conjurer (D:10)
  3 merfolk (D:11)
  2 hippogriffs (D:9)
  A vampire (D:11)
  A wyvern (D:9)
  4 wraiths (D:10)
  9 yaks
  2 hungry ghosts
  A water moccasin (D:4)
  2 hell hounds (D:8)
  An orc warrior (D:7)
  4 ice beasts
  3 black bears
  2 sky beasts
  5 phantoms
  5 ogres
  3 wolves (D:8)
  An eye of draining (D:11)
  10 centaurs
  A big kobold (D:10)
  5 bullfrogs
  A gnoll sergeant (D:9)
  A wyvern zombie (D:9)
  3 scorpions
  6 killer bees (D:9)
  4 wights
  5 crimson imps
  2 centaur zombies (D:8)
  2 hounds (D:9)
  A quasit (D:6)
  2 orc priests
  2 jellies (D:9)
  3 orc wizards
  Crazy Yiuf (D:6)
  2 bullfrog skeletons
  Terence (D:3)
  An iguana (D:6)
  8 worker ants
  4 worker ant zombies
  15 adders
  14 gnolls
  3 river rats (D:6)
  2 adder zombies
  An adder skeleton (D:5)
  6 worms
  A dart slug (D:2)
  3 leopard geckos
  16 orcs
  2 ball pythons (D:4)
  8 giant cockroaches
  6 hobgoblins
  4 jackals
  4 quokkas
  6 bats
  5 frilled lizards
  5 goblins
  11 kobolds
  12 rats
  2 bushes (D:3)
  A plant (D:3)
248 creatures vanquished.

Vanquished Creatures (collateral kills)
  A troll (D:9)
  A yak (D:9)
  Grum (D:8)
  Menkaure (D:4)
  A phantom (D:7)
  A bullfrog (D:6)
  A gnoll sergeant (D:6)
  A scorpion (D:4)
  A centaur zombie (D:6)
  An adder (D:8)
  3 gnolls
  An orc (D:9)
14 creatures vanquished.

Grand Total: 262 creatures vanquished

Notes
Turn   | Place    | Note
-------+----------+-------------------------------------------
     0 | D:1      | Peloso the Demonspawn Fighter began the quest for the Orb.
     0 | D:1      | Reached XP level 1. HP: 18/18 MP: 1/1
   532 | D:1      | Reached skill level 2 in Long Blades
   532 | D:1      | Gained mutation: You are immune to rotting. [demonic ancestry]
   532 | D:1      | Reached XP level 2. HP: 24/24 MP: 2/2
   980 | D:2      | Found a shattered altar of Ashenzari.
  1008 | D:2      | Reached XP level 3. HP: 28/29 MP: 3/3
  1188 | D:2      | Noticed a phantom
  1254 | D:3      | Gained mutation: You may emit foul miasma when damaged in melee. [demonic ancestry]
  1254 | D:3      | Reached XP level 4. HP: 17/35 MP: 4/4
  1574 | D:3      | Noticed Terence
  1586 | D:3      | Killed Terence
  1819 | D:3      | Found a basalt altar of Yredelemnul.
  1829 | D:3      | Found a glowing golden altar of the Shining One.
  1839 | D:3      | Noticed an angel
  1869 | D:3      | Reached skill level 3 in Long Blades
  1869 | D:3      | Reached XP level 5. HP: 34/42 MP: 5/5
  1904 | D:3      | You fall through a shaft for 2 floors!
  1904 | D:5      | Entered Level 5 of the Dungeon
  1936 | D:5      | Noticed an ice beast
  1936 | D:5      | Noticed a sky beast
  1950 | D:5      | Killed an ice beast
  1950 | D:5      | Reached skill level 1 in Dodging
  1954 | D:5      | Killed a sky beast
  1954 | D:5      | Gained mutation: A weak demonic guardian rushes to your aid. [demonic ancestry]
  1954 | D:5      | Reached XP level 6. HP: 24/48 MP: 6/6
  3025 | D:4      | Reached skill level 4 in Long Blades
  3514 | D:4      | Reached XP level 7. HP: 53/54 MP: 7/7
  3682 | D:4      | Found a sparkling altar of Nemelex Xobeh.
  3686 | D:4      | Found a shadowy altar of Dithmenos.
  3687 | D:4      | Found an opulent altar of Gozag.
  3902 | D:4      | Noticed Menkaure
  3910 | D:4      | Killed Menkaure
  4895 | D:2      | Reached skill level 5 in Long Blades
  4941 | D:2      | Found a blossoming altar of Fedhas.
  5252 | D:5      | Gained mutation: You are partially covered in icy blue scales. (AC +2) [demonic ancestry]
  5252 | D:5      | Reached XP level 8. HP: 44/61 MP: 8/8
  5559 | D:5      | Found an iron altar of Okawaru.
  5565 | D:5      | Became a worshipper of Warmaster Okawaru
  5590 | D:5      | Found a burning altar of Makhleb.
  5598 | D:5      | Reached skill level 1 in Stealth
  6207 | D:6      | Reached skill level 5 in Armour
  6305 | D:6      | Found a staircase to the Ecumenical Temple.
  6343 | D:6      | Found a deep blue altar of Sif Muna.
  6348 | D:6      | Reached skill level 6 in Long Blades
  6385 | D:6      | Reached skill level 5 in Fighting
  6458 | D:6      | Found a runed door.
  6617 | D:6      | Reached * piety under Okawaru
  7205 | D:6      | Noticed Crazy Yiuf
  7210 | D:6      | Killed Crazy Yiuf
  7275 | D:7      | Reached skill level 5 in Shields
  7275 | D:7      | Gained mutation: You have a pair of small horns on your head. [demonic ancestry]
  7275 | D:7      | Reached XP level 9. HP: 68/68 MP: 6/9
  7303 | D:7      | Reached skill level 7 in Long Blades
  7473 | D:7      | Found a white marble altar of Elyvilon.
  8075 | D:8      | Reached skill level 1 in Invocations
  8108 | D:8      | Found Zewu's Jewellery Boutique.
  8110 | D:8      | Noticed Grum
  8131 | D:8      | Reached ** piety under Okawaru
  8137 | D:8      | Killed Grum
  8137 | D:8      | Reached skill level 8 in Long Blades
  8198 | D:8      | Noticed a two-headed ogre
  8204 | D:8      | Killed a two-headed ogre
  8568 | D:8      | Found a staircase to the Lair.
  8729 | D:8      | Gained mutation: You have a pair of horns on your head. [demonic ancestry]
  8729 | D:8      | Reached XP level 10. HP: 59/76 MP: 11/11
  8843 | D:8      | Reached *** piety under Okawaru
  8940 | D:8      | Noticed Erica
  8955 | D:8      | Killed Erica
  8955 | D:8      | Reached skill level 9 in Long Blades
  9378 | D:9      | Reached **** piety under Okawaru
  9389 | D:9      | Found a hazy altar of Hepliaklqana.
  9413 | D:9      | Got a crude ring mail
  9426 | D:9      | Identified the +1 ring mail of the Stallion {Dex+4} (You took it off a gnoll on level 9 of the Dungeon)
  9482 | D:9      | Found Rewnaen's Gadget Shop.
 10121 | D:9      | Received a gift from Okawaru
 10287 | D:9      | Reached skill level 10 in Long Blades
 10408 | D:9      | Found Ubbed's Armour Shop.
 10681 | D:10     | Entered Level 10 of the Dungeon
 10757 | D:10     | Noticed Josephine
 11048 | D:10     | Reached XP level 11. HP: 72/84 MP: 12/12
 11202 | D:10     | Killed Josephine
 11586 | D:10     | Found a bloodstained altar of Trog.
 11905 | D:11     | Noticed a catoblepas
 11937 | D:11     | Killed a catoblepas
 11937 | D:11     | Reached ***** piety under Okawaru
 12410 | D:11     | Was placed under penance by Okawaru
 12490 | D:11     | Noticed a fire giant
 12490 | D:11     | Noticed a merfolk impaler
 12615 | D:11     | Noticed a six-headed hydra
 12623 | D:11     | Killed a one-headed hydra
 12623 | D:11     | Reached skill level 11 in Long Blades
 12654 | D:11     | Found a shimmering altar of Xom.
 12883 | D:11     | Noticed an orc warlord
 12883 | D:11     | Noticed a merfolk impaler
 12883 | D:11     | Noticed a frost giant
 13019 | D:10     | Noticed an orc knight
 13019 | D:10     | Noticed a tengu warrior
 13029 | D:10     | Killed a tengu warrior
 13037 | D:10     | Mangled by an orc knight

Skill      XL: |  1  2  3  4  5  6  7  8  9 10 11 |
---------------+----------------------------------+-----
Long Blades    | 2 3 4 5 6 8 10 11 | 11.0
Shields        | 3 4 5 6 7 |  7.6
Armour         | 3 4 5 6 7 8 |  8.0
Dodging        | 1 2 |  2.8
Fighting       | 4 5 7 |  7.6
Stealth        | 1 2 3 |  3.4
Invocations    | 1 2 |  2.0

Action                   |  1- 3 |  4- 6 |  7- 9 | 10-12 || total
-------------------------+-------+-------+-------+-------++-------
Melee: Long sword        |    83 |   201 |   639 |       ||   923
       Falchion          |       |       |    47 |    47 ||    94
       Headbutt          |       |       |    27 |    79 ||   106
       Scimitar          |       |       |       |   349 ||   349
Invok: Heroism           |       |       |     1 |     3 ||     4
Evoke: Wand              |       |       |     1 |       ||     1
  Use: Potion            |       |     1 |       |     1 ||     2
       Scroll            |       |     3 |     5 |    10 ||    18
 Stab: Distracted        |       |       |     5 |     2 ||     7
       Paralysed         |       |       |     3 |       ||     3
  Eat: Chunk             |     1 |     8 |    15 |     9 ||    33
       Ration            |       |       |     3 |     1 ||     4
Armor: Scale mail        |    54 |    93 |   146 |       ||   293
       Plate armour      |       |       |    84 |   219 ||   303
Dodge: Dodged            |    37 |    72 |   132 |    84 ||   325
Block: Shield            |    49 |    92 |   252 |   226 ||   619
       Rpst.: Long sword |    13 |    22 |    34 |       ||    69
       Falchion          |       |       |     1 |     2 ||     3
       Scimitar          |       |       |       |    17 ||    17
